 Dungeon Crawl Stone Soup version 0.28.0-45-g0d030f2227 (webtiles) character file.

Game seed: 5817762503442532991

69 dohliylev the Sneak (level 4, -1/21 HPs)
             Began as a Vine Stalker Enchanter on May 10, 2022.
             Slain by a black bear (2 damage)
             ... on level 5 of the Dungeon.
             The game lasted 00:07:53 (3041 turns).

dohliylev the Sneak (Vine Stalker Enchanter)        Turns: 3041, Time: 00:07:54

Health: -1/21      AC:  2    Str: 10    XL:     4   Next: 20%
Magic:  0/8        EV: 12    Int: 17    God:
Gold:   146        SH:  0    Dex: 15    Spells: 3/8 levels left

rFire   . . .      SeeInvis .   a - +1 dagger
rCold   . . .      Faith    .   (no shield)
rNeg    + . .      Spirit   +   b - +0 robe
rPois   .          Reflect  .   (no helmet)
rElec   .          Harm     .   (no cloak)
rCorr   .          Rampage  .   (no gloves)
Will    .....                   (no boots)
Stlth   +++.......              (no amulet)
HPRegen 0.87/turn               f - ring of positive energy
MPRegen 0.11/turn               (no ring)

@: no status effects
A: fangs 2, regeneration 1, magic shield, antimagic bite, no potion heal 2
a: no special abilities


You were on level 5 of the Dungeon.
You visited 1 branch of the dungeon, and saw 5 of its levels.

You collected 146 gold pieces.

Inventory:

Hand Weapons
 a - a +1 dagger (weapon)
Armour
 b - a +0 robe (worn)
Jewellery
 f - a ring of positive energy (left hand)
Scrolls
 d - a scroll of identify {unknown}
 e - a scroll of fear {unknown}
 g - 2 scrolls of teleportation
Potions
 c - 2 potions of invisibility
 h - a potion of heal wounds {unknown}


   Skills:
 + Level 1.1 Short Blades
 + Level 1.7 Dodging
 + Level 4.9 Stealth
 + Level 2.6 Spellcasting
 + Level 3.5 Hexes
 + Level 0.3 Ice Magic


You had 3 spell levels left.
You knew the following spells:

 Your Spells              Type           Power      Damage    Failure   Level
a - Ensorcelled Hibernat  Hex/Ice        16%        N/A       12%         2
b - Confusing Touch       Hex            14%        N/A       13%         3

Your spell library contained the following spells:

 Spells                   Type           Power      Damage    Failure   Level
 Tukima's Dance           Hex            14%        N/A       13%         3
 Dazzling Flash           Conj/Hex       16%        N/A       26%         3


Dungeon Overview and Level Annotations

Branches:
Dungeon (5/15)
 Temple: D:4-7

Altars:

Shops:
D:1 (   D:2 [*[=:


Innate Abilities, Weirdness & Mutations

You have extremely sharp teeth.
Your natural rate of healing is unusually fast.
When hurt, damage is shared between your health and your magic reserves.
Your bite disrupts and absorbs the magic of your enemies.
Potions cannot restore your health.


Message History

Aiming: Ensorcelled Hibernation (safe; 12% risk of failure)
Press: ? - help, Shift-Dir - straight line, f - black bear
Aim: a black bear (chance to affect: 41%)
The black bear resists with some effort.
You open the door.
There is an open door here.
Casting: Ensorcelled Hibernation (safe; 12% risk of failure)
Confirm with . or Enter, or press ? or * to list all spells.
Aiming: Ensorcelled Hibernation (safe; 12% risk of failure)
Press: ? - help, Shift-Dir - straight line, f/p - black bear
Aim: a black bear (chance to affect: 41%)
The black bear looks drowsy...
The helpless black bear fails to defend itself.
You impale the black bear!!
You bite the black bear, but do no damage.
The black bear is almost dead.
The black bear bites you but does no damage.
The black bear completely misses you. The black bear barely misses you.
The black bear goes berserk!
You open the door. The black bear bites you. The black bear closely misses you.
The black bear barely misses you.
Found 16 gold pieces.
The orc shouts!
There is an open door here.
The black bear bites you. The black bear closely misses you.
The black bear claws you.
The black bear rages.
The black bear bites you but does no damage.
The black bear barely misses you. The black bear closely misses you.
The black bear barely misses you. The black bear claws you.
The black bear barely misses you. The orc hits you with a +0 whip.
You see here 5 gold pieces.
You see here 11 gold pieces.
The black bear bites you but does no damage.
The black bear barely misses you. The black bear claws you.
You hear the slow hiss of a very distant avalanche of sand.
The black bear bites you!
* * * LOW HITPOINT WARNING * * *
The black bear closely misses you. The black bear claws you.
You die...

## #.#. #.#. ...#
##.#.###....#.
#......#......
#......#....#
#....@.#....###
#....ho........
#..............
#.....$........
.........$.......
#########........
#........
#........
#.........#...


You could see a black bear (berserk) and an orc.

Vanquished Creatures
  An adder (D:2)
  2 worms (D:2)
  2 dart slugs
  3 orcs
  5 bats
  4 endoplasms
  A giant cockroach (D:1)
  A goblin (D:4)
  4 hobgoblins
  8 kobolds
  2 quokkas
  6 ball pythons
  A frilled lizard (D:1)
  5 rats
45 creatures vanquished.

Notes
Turn   | Place    | Note
-------+----------+-------------------------------------------
     0 | D:1      | dohliylev the Vine Stalker Enchanter began the quest for
                  | the Orb.
     0 | D:1      | Reached XP level 1. HP: 9/9 MP: 4/4
   246 | D:1      | Reached skill level 4 in Stealth
   246 | D:1      | Reached XP level 2. HP: 13/13 MP: 6/6
   454 | D:1      | Found Mat Meph's Weapon Boutique.
   490 | D:1      | Learned a level 2 spell: Ensorcelled Hibernation
  1116 | D:2      | Found a faded altar of an unknown god.
  1253 | D:2      | Reached XP level 3. HP: 15/16 MP: 0/7
  1448 | D:2      | Found Teriz's Armour Emporium.
  1863 | D:2      | Found Ogawam's Assorted Antiques.
  2018 | D:2      | Found Kesifenk's Armour Boutique.
  2022 | D:2      | Reached skill level 1 in Short Blades
  2114 | D:2      | Found Zargh's Book Boutique.
  2336 | D:2      | Found Gaulio Otir's Jewellery Shoppe.
  2675 | D:3      | Gained mutation: Your natural rate of healing is unusually
                  | fast. [Vine Stalker growth]
  2675 | D:3      | Reached XP level 4. HP: 21/21 MP: 1/8
  2867 | D:3      | Learned a level 3 spell: Confusing Touch
  2964 | D:3      | You fall into a shaft and drop 1 floor!
  2990 | D:5      | Entered Level 5 of the Dungeon
  3011 | D:5      | Noticed a black bear
  3041 | D:5      | HP: 1/21 [black bear (8)]
  3041 | D:5      | Slain by a black bear

Illustrated notes

Levels and vault maps discovered:
D:1:      evilmike_arrival_fibonacci_small, layout_basic, serial_shops, shop,
          st_stairs_2, dk_noncrumbling_3, minmay_fountain_box, hex_tiny
D:2:      layout_basic, shapermc_ecumenical_altar_mp_highgroup, serial_shops,
          shop, nicolae_square_shop, shop_statue, nicolae_shop_behind_doors,
          nicolae_lakefront_shop, kennysheep_generic_room_3
D:3:      layout_basic, chequers_big_river, uniq_ijyb
D:4:      layout_rooms, nicolae_shop_fire_sale [nicolae_sub_dead_trees],
          uniq_grinder
D:5:      lemuel_castle_with_subvaults [lemuel_castle_interior_carwin_2],
          layout_basic, chequers_ossuary_entry_cave, grunt_ministairs_8,
          kennysheep_generic_room_7, uniq_crazy_yiuf_cottage

Skill      XL: |  1  2  3 |
---------------+----------+-----
Stealth        | 4 |  4.9
Short Blades   | 1 |  1.1
Dodging        | |  1.7
Spellcasting   | |  2.6
Hexes          | |  3.5
Ice Magic      | |  0.3

Action                   |  1- 3 |  4- 6 || total
-------------------------+-------+-------++-------
Melee: Dagger            |    75 |    11 ||    86
       Bite              |    14 |     3 ||    17
       Punch             |     1 |       ||     1
 Cast: Ensorcelled Hiber |    24 |    10 ||    34
  Use: Scroll            |       |     1 ||     1
 Stab: Sleeping          |    23 |     7 ||    30
Armor: Robe              |    18 |     4 ||    22
Dodge: Dodged            |    41 |    12 ||    53
